 Dungeon Crawl Stone Soup version 0.31-a0-18-gea43df2a32 (webtiles) character file.

Game seed: 4569313679880750303

276 bande the Chopper (level 6, -1/38 HPs)
             Began as a Gargoyle Fighter on May 11, 2023.
             Slain by an iguana (6 damage)
             ... on level 4 of the Dungeon.
             The game lasted 00:04:09 (2226 turns).

bande the Chopper (Gargoyle Fighter)                Turns: 2226, Time: 00:04:10

Health: -1/38      AC: 20    Str: 19    XL:     6   Next: 25%
Magic:  6/6        EV:  5    Int:  9    God:
Gold:   201        SH:  4    Dex: 11    Spells: 5/5 levels left

rFire   . . .        a - +1 war axe
rCold   . . .        c - +0 buckler
rNeg    + . .        r - +0 plate armour
rPois   ∞            j - +0 helmet
rElec   +            (no cloak)
rCorr   .            g - +1 pair of gloves
SInv    .            q - +0 pair of boots
Will    .....        (no amulet) Stlth
                     (no ring)
HPRegen 0.26/turn    (no ring)
MPRegen 0.10/turn

%: no passive effects
@: no status effects
A: sickness immunity, AC +4, negative energy resistance 1, electricity
resistance, torment resistance 1, petrification resistance
a: no special abilities


You were on level 4 of the Dungeon.
You visited 1 branch of the dungeon, and saw 4 of its levels.

You collected 201 gold pieces.

Inventory:

Hand Weapons
 a - a +1 war axe (weapon)
Missiles
 p - 2 throwing nets (quivered)
Armour
 c - a +0 buckler (worn)
 g - a +1 pair of gloves (worn)
 j - a +0 helmet (worn)
 q - a +0 pair of boots (worn)
 r - a +0 plate armour (worn)
Scrolls
 b - a scroll of enchant weapon
 e - 2 scrolls of blinking
 k - a scroll of fear
 l - 2 scrolls of amnesia
Potions
 d - a potion of might
 f - a potion of resistance {unknown}
 h - a potion of degeneration {unknown}
 i - a potion of haste {unknown}
 m - a potion of curing {unknown}
 n - 2 potions of brilliance {unknown}
 o - 2 potions of ambrosia


   Skills:
 + Level 4.2 Fighting
 + Level 4.4 Axes
 + Level 4.3 Armour
 - Level 0.4 Stealth
 + Level 3.9 Shields


You had 5 spell levels left.
You didn't know any spells.
Your spell library contained the following spells:

 Spells                   Type           Power      Damage    Failure   Level
 Apportation              Tloc           0%         N/A       100%        1
 Blink                    Tloc           0%         N/A       100%        2
 Manifold Assault         Tloc           0%         N/A       100%        4
 Alistair's Intoxication  Tmut/Pois      0%         N/A       100%        5
 Storm Form               Tmut/Air       0%         N/A       100%        7


Dungeon Overview and Level Annotations

Branches:
Dungeon (4/15)
 Temple: D:4-7

Altars:


Innate Abilities, Weirdness & Mutations

You are immune to sickness and miasma.
Your stone body is resilient. (AC +4)
You are immune to poison.
You resist negative energy. (rN+)
You are resistant to electric shocks. (rElec)
You are resistant to unholy torment.
You are immune to petrification.


Message History

The orc barely misses you. Something hits you but does no damage.
The iguana bites you but does no damage.
The orc hits you but does no damage. You block something's attack.
Unknown command.
You hit something.
Reactivating autopickup.
You feel a bit more experienced.
You barely miss the iguana. You hit the orc. The iguana bites you!
The orc hits you but does no damage.
Unknown command.
You hit the endoplasm.
The endoplasm is almost dead.
You hit the iguana. You barely miss the orc. The iguana bites you.
You block the orc's attack. You block the endoplasm's attack.
Unknown command.
You hit the endoplasm.
You kill the endoplasm!
You hit the iguana. You hit the orc. The iguana bites you.
You block the orc's attack. The orc hits you but does no damage.
The iguana bites you.
* * * LOW HITPOINT WARNING * * *
The orc attacks as you move away! You block the orc's attack.
Things that are here:
a +0 dagger; a +0 robe Unknown command.
You hit the iguana but do no damage.
The iguana is severely wounded.
The iguana bites you!
* * * LOW HITPOINT WARNING * * *
You barely miss the iguana.
The iguana is severely wounded.
You hit the orc.
You kill the orc!
The iguana bites you but does no damage.
You closely miss the iguana.
The iguana is severely wounded.
You block the iguana's attack. x2
You barely miss the iguana.
The iguana is severely wounded.
The iguana bites you.
You die...

..... ... # ... .# #.#
.# ####.##.#####
#............
#...)).......
#...l@.......
##..###...##.
#############..###...#
......................#
......................'.
.........†........... #.
.....................
###.....###...###....
.####'#####...# ....


You could see an iguana.

Vanquished Creatures
  A sleepcap (D:3)
  2 iguanas
  2 orc wizards (D:4)
  6 adders
  An ufetubus (D:4)
  3 worms
  9 orcs
  4 endoplasms
  4 giant cockroaches
  8 hobgoblins
  5 quokkas
  7 ball pythons
  4 bats
  3 frilled lizards
  5 goblins
  6 kobolds
  5 rats
75 creatures vanquished.

Notes
Turn   | Place    | Note
-------+----------+-------------------------------------------
     0 | D:1      | bande the Gargoyle Fighter began the quest for the Orb.
     0 | D:1      | Reached XP level 1. HP: 14/14 MP: 1/1
    90 | D:1      | Reached XP level 2. HP: 19/19 MP: 2/2
   490 | D:2      | Reached XP level 3. HP: 24/24 MP: 3/3
   700 | D:2      | Found a faded altar of an unknown god.
  1161 | D:3      | Reached XP level 4. HP: 29/29 MP: 4/4
  1822 | D:3      | Reached XP level 5. HP: 32/33 MP: 5/5
  2018 | D:4      | Reached XP level 6. HP: 23/38 MP: 6/6
  2226 | D:4      | Slain by an iguana

Illustrated notes

Levels and vault maps discovered:
D:1:      nicolae_arrival_washed_ashore, layout_rooms
D:2:      layout_rooms, dreamdust_ecumenical_altar_grove, serial_glass,
          glass_columns_b, glass_columns_b, glass_columns_c
D:3:      kennysheep_six_static_rooms, layout_loops_ring,
          corexii_item_surrounded_by_moat
D:4:      layout_gridville, nicolae_shop_clearance

Skill      XL: |  1  2  3  4  5 |
---------------+----------------+-----
Axes           | 2 3 4 |  4.4
Armour         | 4 |  4.3
Fighting       | 4 |  4.2
Stealth        | |  0.4
Shields        | |  3.9

Action                     |  1- 3 |  4- 6 || total
---------------------------+-------+-------++-------
  Melee: War axe           |   125 |    94 ||   219
    Use: Scroll            |    10 |     1 ||    11
         Potion            |     1 |       ||     1
 Armour: Scale mail        |    71 |    29 ||   100
         Plate armour      |       |    67 ||    67
  Dodge: Dodged            |    68 |    43 ||   111
  Block: Buckler           |    25 |    38 ||    63

Table legend: (Time is in decaauts)
 A = Elapsed time spent in this place.
 B = Non-inter-level travel time spent in this place.
 C = Inter-level travel time spent in this place.
 D = Time resting spent in this place.
 E = Time spent auto-exploring this place.
 F = Levels seen in this place.
 G = Mean time per level.
                   A        B        C        D        E       F      G
               +--------+--------+--------+--------+--------+-----+--------+
         Total |   2318 |   2250 |     68 |    268 |   1303 |   4 |  579.5 |
       Dungeon |   2318 |   2250 |     68 |    268 |   1303 |   4 |  579.5 |
               +--------+--------+--------+--------+--------+-----+--------+

Top non-repeatable levels by time:
     D:3: 1009 daAuts
     D:2: 521 daAuts
     D:1: 509 daAuts
     D:4: 277 daAuts
